 Dungeon Crawl Stone Soup version 0.31-a0-968-g24f9ace8b5 (webtiles) character file.

Game seed: 6302060284905305388

9437 Dordric the Brawler (level 11, -9/77 HPs)
             Began as a Pale Draconian Shapeshifter on Oct 27, 2023.
             Was a Believer of Sif Muna.
             Mangled by an efreet
             ... wielding a +4 scimitar of flaming
              (20 damage)
             ... on level 10 of the Dungeon.
             The game lasted 00:16:49 (9480 turns).

Dordric the Brawler (Pale Draconian Shapeshifter)   Turns: 9480, Time: 00:16:50

Health: -9/77      AC: 12    Str: 19    XL:     11   Next: 23%
Magic:  11/11      EV: 17    Int: 10    God:    Sif Muna [**....]
Gold:   563        SH:  5    Dex: 13    Spells: 10/10 levels left

rFire   . . .        t - melded +0 dagger (venom)
rCold   . . .        (shield currently unavailable)
rNeg    . . .        (body armour unavailable)
rPois   .            (helmet restricted)
rElec   .            s - +0 cloak
rCorr   .            F - +2 pair of gloves
SInv    .            N - +0 pair of boots
Will    +....        A - amulet of reflection
Stlth   +            g - +5 ring of evasion
HPRegen 0.32/turn    u - ring of willpower
MPRegen 0.12/turn

%: reflection
@: short of breath, flux-form, glowing
A: glow, contaminating, breathe steam, AC +7, unfitting armour, cold-blooded,
steam resistance
a: Breathe Steam, Begin Untransformation, Renounce Religion, Channel Magic


You were on level 10 of the Dungeon.
You worshipped Sif Muna.
Sif Muna was pleased with you.
You were something dangerously unstable.
You visited 2 branches of the dungeon, and saw 11 of its levels.

You collected 563 gold pieces.

Inventory:

Hand Weapons
 t - a +0 dagger of venom (melded)
Missiles
 j - a throwing net
Armour
 n - a +0 pair of gloves
 s - a +0 cloak (worn)
 F - a +2 pair of gloves (worn)
 N - a +0 pair of boots (worn)
Jewellery
 d - a ring of ice
 g - a +5 ring of evasion (left hand)
 u - a ring of willpower (right hand)
 v - an amulet of magic regeneration
 x - a ring of fire
 A - an amulet of reflection (around neck)
 G - an amulet of guardian spirit
Talismans
 b - a beast talisman
 c - a flux talisman (active)
Wands
 o - a wand of flame (18)
 p - a wand of digging (7)
 y - a wand of mindburst (6)
 B - a wand of polymorph (9)
 J - a wand of quicksilver (9)
 L - a wand of roots (3)
Scrolls
 f - 5 scrolls of blinking
 h - 4 scrolls of identify
 l - 3 scrolls of vulnerability
 z - 2 scrolls of teleportation
 C - 2 scrolls of revelation
 H - 2 scrolls of fear
 I - a scroll of poison
 M - a scroll of amnesia {unknown}
 P - a scroll of enchant armour {unknown}
 R - a scroll of noise {unknown}
Potions
 a - 3 potions of lignification
 e - 2 potions of invisibility {unknown}
 i - a potion of enlightenment {unknown}
 k - 3 potions of attraction {unknown}
 m - 2 potions of ambrosia
 q - 6 potions of cancellation
 r - 2 potions of heal wounds
 w - 3 potions of curing {unknown}
 D - a potion of magic {unknown}
 E - 2 potions of might {unknown}
 K - a potion of haste {unknown}
 O - a potion of mutation {unknown}
 Q - a potion of brilliance {unknown}


   Skills:
 - Level 1.1 Fighting
 - Level 1.7 Dodging
 + Level 16.2 Unarmed Combat
 - Level 7.0 Shapeshifting


You had 10 spell levels left.
You didn't know any spells.
Your spell library contained the following spells:

 Spells                   Type           Power      Damage    Failure   Level
 Freeze                   Ice            0%         1d3       36%         1
 Magic Dart               Conj           0%         1d3       36%         1
 Lesser Beckoning         Tloc           0%         N/A       50%         2
 Searing Ray              Conj           0%         2d4       50%         2
 Frozen Ramparts          Ice            0%         1d1       75%         3
 Gell's Gravitas          Tloc           0%         N/A       75%         3
 Hailstorm                Conj/Ice       0%         3d3       75%         3
 Teleport Other           Tloc           0%         N/A       75%         3
 Fulminant Prism          Conj/Hex       0%         3d5       98%         4
 Lee's Rapid Deconstruct  Erth           0%         3d4*      100%        5
 Lehudib's Crystal Spear  Conj/Erth      0%         10d2      100%        8


Dungeon Overview and Level Annotations

Branches:
Dungeon (10/15)            Temple (1/1) D:6            Lair (0/5) D:8
    Orc: D:9-12

Altars:
Ashenzari
Dithmenos
Elyvilon
Fedhas
Gozag
Kikubaaqudgha
Makhleb
Qazlal
Ru
Sif Muna
Trog
Xom
Yredelemnul
Zin
The Shining One

Annotations:
D:4 1 runed translucent door, Dordric's ghost, amateur DrSh
D:10 1 runed translucent door


Innate Abilities, Weirdness & Mutations

You are something dangerously unstable.
You glow with magical radiation, making you easy to see and hit.
Foes you strike become dangerously contaminated with magical radiation.
You are incapable of wielding weapons or throwing items.
You can breathe blasts of scalding, opaque steam.
Your pale cyan-grey scales are hard. (AC +7)
You cannot fit into any form of body armour.
You are cold-blooded and may be slowed by cold attacks.
You are immune to the effects of steam.


Message History

You hit the yaktaur.
The yaktaur shudders as magic cascades through it!
The yaktaur twists and deforms.
The yaktaur is heavily wounded.
You punch the yaktaur!
The yaktaur begins to glow.
The yaktaur is severely wounded.
The yaktaur misses you.
You hit the yaktaur.
The yaktaur glows dangerously bright.
The yaktaur is severely wounded.
The yaktaur closely misses you.
You punch the yaktaur!
You kill the yaktaur!
Sif Muna accepts your kill.
There are monsters nearby!
There are monsters nearby!
Items here: )))) ††.
Items here: )))) ††.
Okay, then.
You start resting.
An efreet is nearby!
You barely miss the efreet.
The efreet hits you with a +4 scimitar of flaming.
* * * LOW HITPOINT WARNING * * *
The efreet burns you.
* * * LOW HITPOINT WARNING * * *
You punch the efreet!
The efreet begins to glow.
You tail-slap the efreet, but do no damage.
The efreet is moderately wounded.
The efreet hits you with a +4 scimitar of flaming!
* * * LOW HITPOINT WARNING * * *
The efreet burns you.
* * * LOW HITPOINT WARNING * * *
Aiming: Breathe Steam (1% risk of failure)
Press: ? - help, Shift-Dir - straight line, f - efreet
Aim: an efreet, wielding a +4 scimitar of flaming (moderately wounded, contaminated, 94% to hit)
You exhale a blast of scalding steam.
The ball of steam hits the efreet but does no damage.
The efreet is moderately wounded.
The efreet hits you with a +4 scimitar of flaming!!
You die...

#.##...#####)#######.#.####
#..........))..............
#.##..[#.###...............
.######.##..##.# #.###.#####.##..
..<.....##..##.###.###...........
.#####.................)####.....
#..##.#..#.##......>........
#..##.#..#R.######.####.....
.......#.#.#p## #.# #.#...
##<.#.# .#.#..# #.# #.##.. #..#.#
##.##.## #.# #.###. #..#..
#...#..# #.# #.# # #..#
.##..)##.## #.## #.# #.#+#)#..#
#..# #.# #.#B#.##.###..# #.#
#.##Q##.#......# #.#
#.#.Wl#.##.###.# #.#


You could see an efreet (contam).

Vanquished Creatures
  2 centaur warriors
  2 two-headed ogres
  A boulder beetle (D:9)
  A deep elf pyromancer (D:9)
  2 gargoyles
  A freezing wraith (D:9)
  2 yaktaurs (D:10)
  A troll (D:9)
  2 hornets
  2 shadows (D:9)
  A wraith (D:9)
  4 wyverns (D:9)
  A steam dragon (D:9)
  A water moccasin (D:9)
  An orc warrior (D:9)
  An acid dragon (D:10)
  2 ice beasts (D:8)
  A black bear (D:6)
  An ogre (D:4)
  7 centaurs
  2 phantoms
  2 kobold brigands
  4 bullfrogs
  3 scorpions
  A gnoll sergeant (D:10)
  A killer bee (D:9)
  An electric eel (D:9)
  A howler monkey (D:5)
  3 hounds
  5 jellies
  An orc priest (D:5)
  A gnoll bouda (D:5)
  2 iguanas
  12 orc wizards
  10 gnolls
  11 adders
  A shadow imp (D:7)
  A white imp (D:6)
  2 ufetubi (D:6)
  4 worms
  2 dart slugs
  20 orcs
  3 bats
  6 endoplasms
  6 goblins
  4 hobgoblins
  5 jackals
  14 kobolds
  3 quokkas
  5 ball pythons
  2 frilled lizards
  5 rats (D:6)
179 creatures vanquished.

Vanquished Creatures (others)
  A kobold (D:9)
1 creature vanquished.

Grand Total: 180 creatures vanquished

Notes
Turn   | Place    | Note
-------+----------+-------------------------------------------
     0 | D:1      | Dordric the Draconian Shapeshifter began the quest for the
                  | Orb.
     0 | D:1      | Reached XP level 1. HP: 16/16 MP: 1/1
   151 | D:1      | Reached XP level 2. HP: 19/19 MP: 2/2
   995 | D:2      | Reached XP level 3. HP: 27/27 MP: 3/3
  1653 | D:2      | Reached XP level 4. HP: 35/35 MP: 4/4
  1701 | D:3      | Identified the "Agi Alao"
  1984 | D:3      | You fall into a shaft and drop 1 floor!
  2041 | D:4      | Reached skill level 5 in Shapeshifting
  2106 | D:4      | Reached XP level 5. HP: 36/40 MP: 5/5
  2163 | D:3      | Found a glowing silver altar of Zin.
  2548 | D:3      | Found a faded altar of an unknown god.
  2748 | D:3      | Found an opulent altar of Gozag.
  2961 | D:4      | Found a runed translucent door.
  2970 | D:4      | Noticed Dordric's ghost (amateur DrSh)
  3432 | D:4      | Noticed an ogre
  3437 | D:4      | Killed an ogre
  3438 | D:4      | Reached XP level 6. HP: 47/47 MP: 6/6
  3692 | D:5      | Entered Level 5 of the Dungeon
  4362 | D:5      | Reached skill level 4 in Unarmed Combat
  4362 | D:5      | Your scales start taking on a pale cyan-grey colour.
  4362 | D:5      | Reached XP level 7. HP: 26/52 MP: 7/7
  4362 | D:5      | Gained mutation: You are immune to the effects of steam.
                  | [Pale Draconian growth]
  4546 | D:5      | Reached skill level 5 in Unarmed Combat
  4709 | D:5      | Reached skill level 6 in Unarmed Combat
  5121 | D:6      | Found a broken altar of Ashenzari.
  5189 | D:6      | Noticed a moth of wrath
  5192 | D:6      | Found a bloodstained altar of Trog.
  5219 | D:6      | Identified the +5 short sword "Ogrebane" {drain, rPois MP+9
                  | Dex+2}
  5350 | D:6      | Found a staircase to the Ecumenical Temple.
  5359 | Temple   | Entered the Ecumenical Temple
  5393 | Temple   | Became a worshipper of Sif Muna the Loreminder
  5458 | D:6      | Reached skill level 7 in Unarmed Combat
  5458 | D:6      | Reached XP level 8. HP: 59/59 MP: 8/8
  5605 | D:6      | Reached skill level 8 in Unarmed Combat
  5962 | D:7      | Reached skill level 9 in Unarmed Combat
  5966 | D:7      | Found a shadowy altar of Dithmenos.
  6031 | D:7      | Reached * piety under Sif Muna
  6078 | D:7      | Found a white marble altar of Elyvilon.
  6541 | D:8      | Noticed a hornet
  6547 | D:8      | Paralysed by a hornet for 2 turns
  6550 | D:8      | Killed a hornet
  6551 | D:8      | Reached skill level 10 in Unarmed Combat
  6551 | D:8      | Reached XP level 9. HP: 26/64 MP: 9/9
  7280 | D:8      | Found a staircase to the Lair.
  7829 | D:9      | Reached skill level 11 in Unarmed Combat
  7896 | D:9      | Noticed a boulder beetle
  7900 | D:9      | Noticed a centaur warrior
  7909 | D:9      | Killed a boulder beetle
  7910 | D:9      | Reached skill level 12 in Unarmed Combat
  7917 | D:9      | Noticed a deep elf pyromancer
  7928 | D:9      | Killed a deep elf pyromancer
  8059 | D:9      | Killed a centaur warrior
  8060 | D:9      | Reached skill level 13 in Unarmed Combat
  8060 | D:9      | Reached XP level 10. HP: 51/71 MP: 10/10
  8310 | D:9      | Found a glowing golden altar of the Shining One.
  8331 | D:9      | Found a basalt altar of Yredelemnul.
  8405 | D:9      | Reached skill level 14 in Unarmed Combat
  8692 | D:9      | Noticed a gargoyle
  8703 | D:9      | Killed a gargoyle
  8703 | D:9      | Noticed a two-headed ogre
  8725 | D:9      | Killed a two-headed ogre
  8726 | D:9      | Reached skill level 15 in Unarmed Combat
  8913 | D:9      | Reached ** piety under Sif Muna
  9216 | D:10     | Entered Level 10 of the Dungeon
  9291 | D:10     | Noticed a gargoyle
  9296 | D:10     | Killed a gargoyle
  9297 | D:10     | Reached XP level 11. HP: 68/77 MP: 11/11
  9352 | D:10     | Noticed a two-headed ogre
  9360 | D:10     | Killed a two-headed ogre
  9417 | D:10     | Found a runed translucent door.
  9420 | D:10     | Noticed a centaur warrior
  9420 | D:10     | Noticed a boulder beetle
  9440 | D:10     | Killed a centaur warrior
  9441 | D:10     | Reached skill level 16 in Unarmed Combat
  9480 | D:10     | Mangled by an efreet

Illustrated notes

Levels and vault maps discovered:
D:1:      minmay_arrival_open_corners, layout_loops_ring, minmay_distorted
D:2:      layout_loops_corners
D:3:      layout_loops_corners, pdpol_temple_overflow_zin_treasury_gozag_greed,
          shapermc_ecumenical_altar_totnotflames
D:4:      layout_gridville, ebering_ghost_sewer_d, guppyfry_early_lair_pool
D:5:      layout_basic
D:6:      layout_basic, ashenzari_altar_1, tgw_trog, lemuel_temple_firewalk_a,
          hangedman_decor_riveting
D:7:      layout_loops_cross, elyvilon_altar_5,
          grunt_dithmenos_smoke_and_mirrors
D:8:      layout_basic, lair_entry_dummy, nicolae_figureground_sparkle
D:9:      nzn_winding_woodlands_small [nzn_winding_woodlands_5x15_parted,
          nzn_winding_woodlands_center_triple_pond,
          nzn_winding_woodlands_5x15_river_crossing], layout_stronghold,
          grunt_temple_overflow_holy_war
D:10:     minmay_the_grid_four_pointed_star
          [minmay_the_grid_triangle_9x9_subtriangle,
          minmay_the_grid_triangle_9x9_odd_lines,
          minmay_the_grid_triangle_9x9_minimal,
          minmay_the_grid_triangle_9x9_descending_squares,
          minmay_the_grid_prize_four_corners_diamond_b], layout_loops_ring,
          mainiacjoe_overflow_24_doors, minmay_overflow_temple_hex, orc_0_dummy
Temple:   nicolae_temple_superstar

Skill      XL: |  1  2  3  4  5  6  7  8  9 10 11 |
---------------+----------------------------------+-----
Shapeshifting  | 4 5 6 7 |  7.0
Unarmed Combat | 4 7 10 13 15 16 | 16.2
Fighting       | |  1.1
Dodging        | |  1.7

Action                     |  1- 3 |  4- 6 |  7- 9 | 10-12 || total
---------------------------+-------+-------+-------+-------++-------
  Melee: Unarmed           |    46 |    86 |   126 |    96 ||   354
         Dagger            |    50 |    42 |       |       ||    92
         Tailslap          |    17 |    14 |    21 |    15 ||    67
         Punch             |     4 |     4 |       |       ||     8
Ability: Breathe Steam     |       |       |    31 |    17 ||    48
  Evoke: Wand              |       |    10 |       |     6 ||    16
    Use: Scroll            |       |       |     9 |       ||     9
   Stab: Sleeping          |     1 |       |       |       ||     1
 Armour: Skin              |    29 |    47 |    61 |    36 ||   173
  Dodge: Dodged            |    68 |    91 |    93 |    63 ||   315
  Block: Other             |       |     4 |    40 |    14 ||    58
         Reflection        |       |     2 |     7 |     3 ||    12
   Form: Flux              |       |     1 |       |       ||     1

Table legend: (Time is in decaauts)
 A = Elapsed time spent in this place.
 B = Non-inter-level travel time spent in this place.
 C = Inter-level travel time spent in this place.
 D = Time resting spent in this place.
 E = Time spent auto-exploring this place.
 F = Levels seen in this place.
 G = Mean time per level.
                   A        B        C        D        E       F      G
               +--------+--------+--------+--------+--------+-----+--------+
         Total |   9430 |   8927 |    503 |    590 |   6860 |  11 |  857.3 |
       Dungeon |   9364 |   8887 |    477 |    590 |   6860 |  10 |  936.4 |
        Temple |     65 |     39 |     26 |      0 |      0 |   1 |   65.0 |
               +--------+--------+--------+--------+--------+-----+--------+

Top non-repeatable levels by time:
     D:8: 1348 daAuts
     D:9: 1335 daAuts
     D:4: 1117 daAuts
     D:3: 1114 daAuts
     D:5: 1013 daAuts
     D:2: 895 daAuts
     D:1: 801 daAuts
     D:6: 757 daAuts
     D:7: 726 daAuts
    D:10: 254 daAuts
  Temple: 65 daAuts
